Workbook
Name _pg1: #REF!
Name _pg1: #REF!
Name _pg1: #REF!
Name _pg1: #REF!
Name _pg1: #REF!
Name _pg1: #REF!
Name _pg1: #REF!
Name _pg1: #REF!
Name _pg1: #REF!
Name _pg1: #REF!
Name _PG2: #REF!
Name _PG2: #REF!
Name _PG2: #REF!
Name _PG2: #REF!
Name _PG2: #REF!
Name _PG2: #REF!
Name _PG2: #REF!
Name _PG2: #REF!
Name _PG2: #REF!
Name _PG2: #REF!
Name cosales: #REF!
Name cosales: #REF!
Name cosales: #REF!
Name cosales: #REF!
Name cosales: #REF!
Name cosales: #REF!
Name cosales: #REF!
Name cosales: #REF!
Name cosales: #REF!
Name cosales: #REF!
Name p: #REF!
Name p: #REF!
Name p: #REF!
Name p: #REF!
Name p: #REF!
Name p: #REF!
Name p: #REF!
Name p: #REF!
Name p: #REF!
Name p: #REF!
Name POOL: #REF!
Name POOL: #REF!
Name POOL: #REF!
Name POOL: #REF!
Name POOL: #REF!
Name POOL: #REF!
Name POOL: #REF!
Name POOL: #REF!
Name POOL: #REF!
Name POOL: #REF!
Name PUR: #REF!
Name PUR: #REF!
Name PUR: #REF!
Name PUR: #REF!
Name PUR: #REF!
Name PUR: #REF!
Name PUR: #REF!
Name PUR: #REF!
Name PUR: #REF!
Name PUR: #REF!

Sheet Monthly Cost Tracker AP7
A1: Ameren Missouri
A2: RESRAM Monthly Accounting
A3: Accumulation Period 7
B4: Prior Month | C4: 46265
A5: Actual RES Costs (ARC)
A6: Wind REC Costs - 509RWD/5553RW/557RWD
A7: Solar REC Costs - 509RCS/5553RC/557RCS
A8: Biomass REC Costs - 509RBM/5553RB/557RBM
A9: Hydro REC Costs - 509RH2/5553RH/557RH2
A10: Non Customer Solar REC Costs - 509RPS/5553RP/557RPS
A11: Solar Rebate Processing Costs - 509SRP/557SRP
A12: Rider SR Solar Rebates - 908SR2
A13: Production Tax Credit Benefit - 409 - 411
A14: Net OSSR/Purchased Power portion - 447 & 555
A15: Return on Plant Assets
A16: Depreciation Expense
... A19: Property Taxes
A20: ARC Total | C20: =SUM(C6:C19) -> 0
A22: ROUR Amortization | C22: -1152061.7
A24: RESRAM Base Amount (RBA)
A25: Monthly Base Amount (MBA)
A26: RCR (RES Costs Recovered) | C26: =SUM(C22:C25) -> -1152061.7
A27: Monthly Under/(Over) - RCR-ARC | C27: =SUM(C26)+C20 -> -1152061.7
A29: Interest % | C29: 0.0032232033
A30: Interest Revenue (Expense) | C30: =(C27+B34)*C29 -> 13820.411
A34: ROUR - Under/(Over) with Interest | B34: 5439849.2 | C34: =C27+C30+B34+C32 -> 4301608

Sheet Monthly Cost Tracker AP8
A1: Ameren Missouri
A2: RESRAM Monthly Accounting
A3: Accumulation Period 8
B4: Prior Month | C4: ='Monthly Cost Tracker AP7'!C4 -> 46265
A5: Actual RES Costs (ARC)
A6: Wind REC Costs - 5553RW/557RWD
A7: Solar REC Costs - 5553RC/557RCS
A8: Biomass REC Costs - 5553RB/557RBM
A9: Hydro REC Costs - 5553RH/557RH2
A10: Non Customer Solar REC Costs - 5553RP/557RPS
A11: Solar Rebate Processing Costs - 557SRP
A12: Rider SR Solar Rebates - 908SR2
A13: Other Misc Revenues - 456001
A14: Production Tax Credit Benefit - 409 - 411
A15: Net OSSR/Purchased Power portion - 447 & 555
A16: Return on Plant Assets
... A20: Property Taxes
A21: ARC Total | C21: =SUM(C6:C20) -> 0
A23: ROUR Amortization
A25: RESRAM Base Amount (RBA)
A26: Monthly Base Amount (MBA)
A27: RCR (RES Costs Recovered) | C27: =C25+C26 -> 0
A28: Monthly Under/(Over) - RCR-ARC | C28: =-C27+C21 -> 0
A30: Interest % | C30: ='Monthly Cost Tracker AP7'!C29 -> 0.0032232033
A31: Interest Revenue (Expense) | C31: =(C28+B33)*C30 -> 83067.446
A33: ROUR - Under/(Over) with Interest | B33: 25771705 | C33: =C28+C31+B33 -> 25854773

Sheet Monthly Cost Tracker AP9
A1: Ameren Missouri
A2: RESRAM Monthly Accounting
A3: Accumulation Period 9
B4: Prior Month | C4: ='Monthly Cost Tracker AP7'!C4 -> 46265
A5: Actual RES Costs (ARC)
A6: Wind REC Costs - 5553RW/557RWD | C6: 279765.73
A7: Solar REC Costs - 5553RC/557RCS | C7: 4448.51
A8: Biomass REC Costs - 5553RB/557RBM | C8: 2976.11
A9: Hydro REC Costs - 5553RH/557RH2 | C9: 0
A10: Non Customer Solar REC Costs - 5553RP/557RPS | C10: 0
A11: Solar Rebate Processing Costs - 557SRP | C11: 0
A12: Rider SR Solar Rebates - 908SR2 | C12: 0
A13: Other Misc Revenues - 456001 | C13: 0
A14: Production Tax Credit Benefit - 409 - 411 | C14: -20022385
A15: Net OSSR/Purchased Power portion - 447 & 555 | C15: -7125731.6
A16: Return on Plant Assets | C16: 8427199.3
A17: Depreciation Expense | C17: 4559980.6
... A20: Property Taxes | C20: 854166.67
A21: ARC Total | C21: =SUM(C6:C20) -> -12101078
A23: ROUR Amortization
A25: RESRAM Base Amount (RBA) | C25: 4399180.3
A26: Monthly Base Amount (MBA) | C26: 198408.62
A27: RCR (RES Costs Recovered) | C27: =C25+C26 -> 4597589
A28: Monthly Under/(Over) - RCR-ARC | C28: =-C27+C21 -> -16698667
A30: Interest % | C30: ='Monthly Cost Tracker AP8'!C30 -> 0.0032232033
A31: Interest Revenue (Expense) | C31: =(C28+B33)*C30 -> -53823.199
A33: ROUR - Under/(Over) with Interest | B33: 0 | C33: =C28+C31+B33 -> -16752490

Sheet 18A
A1: Ameren Missouri
A2: Billed RESRAM Revenues
A3: Allocated by Rate Class & Voltage Level
A4: Report 18(A)
A5: ='Monthly Cost Tracker AP7'!C4 -> 46265
A8: Rate Class | B8: Voltage | C8: Billed RESRAM Revenues
A9: 1m | B9: Secondary | C9: 2883151.2
A10: 2m | B10: Secondary | C10: 655388.82
A11: 3m | B11: Secondary | C11: 1419068.2
A12: 4m | B12: Primary | C12: 654058.74
A13: Street Lighting - 5m & 6m | B13: Secondary | C13: 15505.97
A14: 11m
A15: 11m-Transmission | B15: Primary | C15: 28736.72
A16: 11m-High Voltage | B16: Primary | C16: 373833.83
A17: 11m-Low Voltage | B17: Primary | C17: 408127.56
A19: Total | C19: =SUM(C9:C18) -> 6437871.1

Sheet 18B
A1: Ameren Missouri
A2: Billed Base Rate Allowance Revenues1
A3: Allocated by Rate Class & Voltage Level
A4: Report 18(B)
A5: =+'18A'!A5 -> 46265
A10: Rate Class | B10: Voltage | C10: =CONCATENATE(TEXT($A$5,"MMM-YYYY")," kWh") -> Aug-2026 kWh | D10: RESRAM Amt in Base Rates/Test Year kWh | E10: Calculated Rate Allocation by Rate Class
A11: 1m | B11: Secondary | C11: 1.3876098e+09 | D11: =($E$38/$E$57) -> 7.6966044e-05 | E11: =C11*D11 -> 106798.84
A12: 2m | B12: Secondary | C12: 3.271678e+08 | D12: =($E$38/$E$57) -> 7.6966044e-05 | E12: =C12*D12 -> 25180.811
A13: 3m | B13: Secondary | C13: 6.9832504e+08 | D13: =($E$38/$E$57) -> 7.6966044e-05 | E13: =C13*D13 -> 53747.316
A14: 4m | B14: Primary | C14: 3.2697408e+08 | D14: =($E$38/$E$57) -> 7.6966044e-05 | E14: =C14*D14 -> 25165.902
A15: Street Lighting - 5m & 6m | B15: Secondary | C15: 8066288.6 | D15: =($E$38/$E$57) -> 7.6966044e-05 | E15: =C15*D15 -> 620.83032
A16: 11m
A17: 11m-Transmission | B17: Primary | C17: 12738388 | D17: =($E$38/$E$57) -> 7.6966044e-05 | E17: =C17*D17 -> 980.42332
A18: 11m-High Voltage | B18: Primary | C18: 1.6571272e+08 | D18: =($E$38/$E$57) -> 7.6966044e-05 | E18: =C18*D18 -> 12754.252
A19: 11m-Low Voltage | B19: Primary | C19: 1.8445519e+08 | D19: =($E$38/$E$57) -> 7.6966044e-05 | E19: =C19*D19 -> 14196.786
A21: Total | C21: =SUM(C11:C20) -> 3.1110493e+09 | E21: =SUM(E11:E20) -> 239445.16
A24: 1Calendar month actual energy usage is provided herein to be consistent with the FAC filings.
A30: RESRAM Rebasing excerpt from File No. ER-2024-0319 Unanimous Stipulation and Agreement
E38: 2380903
A40: Billed kWh used to set rates in ER-2024-0319 rate case
E50: 13282878801 | F50: Residential
E51: 3231277025 | F51: Small General
E52: 7212371801 | F52: Large General
E53: 3399414455 | F53: Small Primary
E54: 3684171231 | F54: Large Primary
E55: 79712880 | F55: Company Owned Lighting
E56: 44633808 | F56: Customer Owned Lighting
E57: =SUM(E50:E56) -> 30934460001

Sheet 18C
A1: Ameren Missouri
A2: Significant Factors Affecting Revenues
A3: Report 18(C)
A4: =+'18A'!A5 -> 46265
A7: There were no significant factors affecting RESRAM billed revenues during this period.

Sheet 18D
A1: Ameren Missouri
A2: Difference Between Total Billed and Projected Revenues
A3: Allocated by Rate Class & Voltage Level
A4: Report 18(D)
A5: =+'18A'!A5 -> 46265
A7: Rate Class | B7: Voltage | C7: Billed RESRAM Revenues | D7: Projected RESRAM Billed kWh | E7: Final RESRAM Rate | F7: Calculated Projected RESRAM Revenues | G7: Difference between Billed and Projected
A8: 1m | B8: Secondary | C8: ='18A'!C9 -> 2883151.2 | D8: 1304984000 | E8: 0.0020694074 | F8: =D8*E8 -> 2700543.6 | G8: =F8-C8 -> -182607.67
A9: 2m | B9: Secondary | C9: ='18A'!C10 -> 655388.82 | D9: 295138550 | E9: 0.0020694074 | F9: =D9*E9 -> 610761.9 | G9: =F9-C9 -> -44626.918
A10: 3m | B10: Secondary | C10: ='18A'!C11 -> 1419068.2 | D10: 694738750 | E10: 0.0020694074 | F10: =D10*E10 -> 1437697.5 | G10: =F10-C10 -> 18629.297
A11: 4m | B11: Primary | C11: ='18A'!C12 -> 654058.74 | D11: 327597250 | E11: 0.0020694074 | F11: =D11*E11 -> 677932.18 | G11: =F11-C11 -> 23873.437
A12: Street Lighting - 5m & 6m | B12: Secondary | C12: ='18A'!C13 -> 15505.97 | D12: 9985460 | E12: 0.0020694074 | F12: =D12*E12 -> 20663.985 | G12: =F12-C12 -> 5158.015
A13: 11m
A14: 11m-Transmission | B14: Primary | C14: ='18A'!C15 -> 28736.72 | D14: 14050120 | E14: 0.0020694074 | F14: =D14*E14 -> 29075.423 | G14: =F14-C14 -> 338.70275
A15: 11m-High Voltage | B15: Primary | C15: ='18A'!C16 -> 373833.83 | D15: 1.9577725e+08 | E15: 0.0020694074 | F15: =D15*E15 -> 405142.88 | G15: =F15-C15 -> 31309.055
A16: 11m-Low Voltage | B16: Primary | C16: ='18A'!C17 -> 408127.56 | D16: 1.6125719e+08 | E16: 0.0020694074 | F16: =D16*E16 -> 333706.83 | G16: =F16-C16 -> -74420.729
A18: Total | C18: =SUM(C8:C17) -> 6437871.1 | D18: =SUM(D8:D17) -> 3.0035286e+09 | F18: =SUM(F8:F17) -> 6215524.3 | G18: =SUM(G8:G17) -> -222346.81

Sheet 18E
A1: Ameren Missouri
A2: Additional Information As Ordered by the Commission
A3: Report 18(E)
A4: =+'18A'!A5 -> 46265
A7: There is no additional information ordered by the Commission needing to be provided.

Sheet 18F
A1: Ameren Missouri
A2: Information Omitted Already Provided Elsewhere
A3: Report 18(F)
A4: =+'18A'!A5 -> 46265
A7: There is no information required that is provided elsewhere.
